| TOP OF THE 1ST |
|
Pittsburgh Pirates batting - Pitching for San Francisco Giants : RHP Ronnie Sims
|
|
Pitching: RHP Ronnie Sims
|
|
|
Batting: RHB Dan Gladden
|
0-0: Called Strike 0-1: Ball 1-1: Bunt missed! 1-2: Strikes out swinging
|
|
Batting: SHB Chili Davis
|
0-0: Ball 1-0: Swinging Strike 1-1: Called Strike 1-2: Foul Ball, location: 2F 1-2: Ball 2-2: Strikes out swinging
|
|
Batting: RHB Rennie Stennett
|
0-0: Ball 1-0: SOLO HOME RUN (Flyball, 7D, EV 105.0 MPH), Distance : 387 ft
|
|
Batting: LHB Robert Lopez
|
0-0: Ball 1-0: Fly out, F9 (Line Drive, 9, EV 106.3 MPH)
|
| Top of the 1st over - 1 run, 1 hit, 0 errors, 0 left on base; Pittsburgh 1 - San Francisco 0 |
| BOTTOM OF THE 1ST |
|
San Francisco Giants batting - Pitching for Pittsburgh Pirates : RHP Rafael Santana
|
|
Pitching: RHP Rafael Santana
|
|
|
Batting: SHB Kevin Bass
|
0-0: Ball 1-0: Ball 2-0: Ground out 4-3 (Groundball, 4, EV 83.8 MPH)
|
|
Batting: LHB Ken Griffey Sr
|
0-0: Ground out U3 (Groundball, 34S, EV 93.1 MPH)
|
|
Batting: LHB Keith Hernandez
|
0-0: SINGLE (Groundball, 34D, EV 103.8 MPH)
|
|
Batting: RHB Phil Bailey
|
0-0: Ball Pickoff Throw to First - Out! 1-3
|
| Bottom of the 1st over - 0 runs, 1 hit, 0 errors, 0 left on base; Pittsburgh 1 - San Francisco 0 |
| TOP OF THE 2ND |
|
Pittsburgh Pirates batting - Pitching for San Francisco Giants : RHP Ronnie Sims
|
|
Batting: LHB Greg Walker
|
0-0: Ball 1-0: Ground out 6-3 (Groundball, 6, EV 106.3 MPH)
|
|
Batting: RHB Mike C Brown
|
0-0: Swinging Strike 0-1: Called Strike 0-2: Strikes out swinging
|
|
Batting: SHB John Shelby
|
0-0: Ball 1-0: Ball 2-0: Ground out 4-3 (Groundball, 4, EV 103.1 MPH)
|
| Top of the 2nd over - 0 runs, 0 hits, 0 errors, 0 left on base; Pittsburgh 1 - San Francisco 0 |
| BOTTOM OF THE 2ND |
|
San Francisco Giants batting - Pitching for Pittsburgh Pirates : RHP Rafael Santana
|
|
Batting: RHB Phil Bailey
|
0-0: Called Strike 0-1: Ball 1-1: Ball 2-1: Ground out U3 (Groundball, 34, EV 88.1 MPH)
|
|
Batting: RHB Don Slaught
|
0-0: Ball 1-0: Ground out 6-3 (Groundball, 6, EV 110.6 MPH)
|
|
Batting: SHB Tyler O'Dell
|
0-0: Ground out 4-3 (Groundball, 4, EV 108.1 MPH)
|
| Bottom of the 2nd over - 0 runs, 0 hits, 0 errors, 0 left on base; Pittsburgh 1 - San Francisco 0 |
| TOP OF THE 3RD |
|
Pittsburgh Pirates batting - Pitching for San Francisco Giants : RHP Ronnie Sims
|
|
Batting: SHB Ron Oester
|
0-0: Ball 1-0: SINGLE (Groundball, 34D, EV 99.4 MPH)
|
|
Batting: RHB Rafael Santana
|
0-0: Ground out 6-3 (Groundball, 56D, EV 98.8 MPH) Ron Oester to second
|
|
Batting: RHB Dan Gladden
|
0-0: Ball 1-0: Ball 2-0: 2-RUN HOME RUN (Flyball, 7D, EV 100.6 MPH), Distance : 383 ft
|
|
Batting: SHB Chili Davis
|
0-0: Foul Ball, location: 2F 0-1: Ball 1-1: Ball 2-1: Foul Ball, location: 2F 2-2: Ball 3-2: Ground out 4-3 (Groundball, 4, EV 108.1 MPH)
|
|
Batting: RHB Rennie Stennett
|
0-0: Ball 1-0: SINGLE (Groundball, 25, EV 68.8 MPH) (infield hit)
|
|
Batting: LHB Robert Lopez
|
0-0: Ball 1-0: Called Strike 1-1: Ball 2-1: Ball 3-1: Base on Balls Rennie Stennett to second
|
|
Batting: LHB Greg Walker
|
0-0: Called Strike 0-1: Ball 1-1: Ball 2-1: Ball 3-1: Ground out 1-3 (Groundball, P, EV 70.0 MPH)
|
| Top of the 3rd over - 2 runs, 3 hits, 0 errors, 2 left on base; Pittsburgh 3 - San Francisco 0 |
| BOTTOM OF THE 3RD |
|
San Francisco Giants batting - Pitching for Pittsburgh Pirates : RHP Rafael Santana
|
|
Batting: RHB Kevin Howard
|
0-0: Ball 1-0: Ball 2-0: Foul Ball, location: 2F 2-1: Ground out 6-3 (Groundball, 6, EV 94.4 MPH)
|
|
Batting: RHB Dickie Thon
|
0-0: Ball 1-0: Ball 2-0: Ball 3-0: Called Strike 3-1: Reached on error, E4 (Groundball, 4, EV 109.4 MPH)
|
|
Batting: RHB Ronnie Sims
|
0-0: Called Strike Dickie Thon steals 2nd base 0-1: Fly out, F4 (Popup, 4, EV 69.4 MPH)
|
|
Batting: SHB Kevin Bass
|
0-0: Called Strike 0-1: Ball 1-1: Foul Ball, location: 2F 1-2: Foul Ball, location: 2F 1-2: Strikes out looking
|
| Bottom of the 3rd over - 0 runs, 0 hits, 1 error, 1 left on base; Pittsburgh 3 - San Francisco 0 |
| TOP OF THE 4TH |
|
Pittsburgh Pirates batting - Pitching for San Francisco Giants : RHP Ronnie Sims
|
|
Batting: RHB Mike C Brown
|
0-0: Called Strike 0-1: Fly out, F8 (Flyball, 8LXD, EV 90.6 MPH)
|
|
Batting: SHB John Shelby
|
0-0: Ball 1-0: Called Strike 1-1: Ball 2-1: Fly out, F6 (Flyball, 6MD, EV 81.3 MPH)
|
|
Batting: SHB Ron Oester
|
0-0: Ball 1-0: Called Strike 1-1: Foul Ball, location: 2F 1-2: Ball 2-2: Ground out U3 (Groundball, 3, EV 101.9 MPH)
|
| Top of the 4th over - 0 runs, 0 hits, 0 errors, 0 left on base; Pittsburgh 3 - San Francisco 0 |
| BOTTOM OF THE 4TH |
|
San Francisco Giants batting - Pitching for Pittsburgh Pirates : RHP Rafael Santana
|
|
Batting: LHB Ken Griffey Sr
|
0-0: Ball 1-0: Swinging Strike 1-1: Called Strike 1-2: Ball 2-2: Foul Ball, location: 2F 2-2: Ball 3-2: SINGLE (Groundball, 13S, EV 70.0 MPH) (infield hit)
|
|
Batting: LHB Keith Hernandez
|
0-0: Ball 1-0: Grounds into double play, 6-4-3 (Groundball, 6, EV 85.6 MPH)
|
|
Batting: RHB Phil Bailey
|
0-0: Ball 1-0: Called Strike 1-1: Called Strike 1-2: Foul Ball, location: 2F 1-2: Ball 2-2: SINGLE (Line Drive, 7LS, EV 93.1 MPH)
|
|
Batting: RHB Don Slaught
|
Pickoff Throw to First - Out! 1-3
|
| Bottom of the 4th over - 0 runs, 2 hits, 0 errors, 0 left on base; Pittsburgh 3 - San Francisco 0 |
| TOP OF THE 5TH |
|
Pittsburgh Pirates batting - Pitching for San Francisco Giants : RHP Ronnie Sims
|
|
Batting: RHB Rafael Santana
|
0-0: Ball 1-0: Foul Ball, location: 2F 1-1: Ball 2-1: Swinging Strike 2-2: Strikes out looking
|
|
Batting: RHB Dan Gladden
|
0-0: Ball 1-0: Called Strike 1-1: Ball 2-1: DOUBLE (Flyball, 8LXD, EV 106.9 MPH)
|
|
Batting: SHB Chili Davis
|
0-0: Foul Ball, location: 2F 0-1: Fly out, F7 (Flyball, 7, EV 78.8 MPH)
|
|
Batting: RHB Rennie Stennett
|
0-0: Ball 1-0: Ball 2-0: Foul Ball, location: 2F 2-1: Fly out, F7 (Flyball, 7LM, EV 103.1 MPH)
|
| Top of the 5th over - 0 runs, 1 hit, 0 errors, 1 left on base; Pittsburgh 3 - San Francisco 0 |
| BOTTOM OF THE 5TH |
|
San Francisco Giants batting - Pitching for Pittsburgh Pirates : RHP Rafael Santana
|
|
Batting: RHB Don Slaught
|
0-0: Ball 1-0: Ball 2-0: Called Strike 2-1: Foul Ball, location: 2F 2-2: SINGLE (Line Drive, 9S, EV 93.8 MPH)
|
|
Batting: SHB Tyler O'Dell
|
0-0: Ball 1-0: Called Strike 1-1: Ball 2-1: Swinging Strike 2-2: Ball 3-2: Base on Balls Don Slaught to second
|
|
Batting: RHB Kevin Howard
|
0-0: Called Strike 0-1: Swinging Strike 0-2: Foul Ball, location: 2F 0-2: Ball 1-2: Foul Ball, location: 2F 1-2: Strikes out swinging
|
|
Batting: RHB Dickie Thon
|
0-0: Called Strike 0-1: Fly out, F2 (Popup, 23F, EV 73.8 MPH)
|
|
Batting: RHB Ronnie Sims
|
0-0: Ground out 5-3 (Groundball, 56S, EV 66.3 MPH)
|
| Bottom of the 5th over - 0 runs, 1 hit, 0 errors, 2 left on base; Pittsburgh 3 - San Francisco 0 |
| TOP OF THE 6TH |
|
Pittsburgh Pirates batting - Pitching for San Francisco Giants : RHP Ronnie Sims
|
|
Batting: LHB Robert Lopez
|
0-0: Fly out, F5 (Line Drive, 6, EV 61.9 MPH)
|
|
Batting: LHB Greg Walker
|
0-0: Called Strike 0-1: Fly out, F4 (Popup, 4, EV 75.0 MPH)
|
|
Batting: RHB Mike C Brown
|
0-0: Called Strike 0-1: Foul Ball, location: 2F 0-2: Strikes out swinging
|
| Top of the 6th over - 0 runs, 0 hits, 0 errors, 0 left on base; Pittsburgh 3 - San Francisco 0 |
| BOTTOM OF THE 6TH |
|
San Francisco Giants batting - Pitching for Pittsburgh Pirates : RHP Rafael Santana
|
|
Batting: SHB Kevin Bass
|
0-0: Foul Ball, location: 2F 0-1: Swinging Strike 0-2: Ball 1-2: Ball 2-2: Ball 3-2: Strikes out swinging
|
|
Batting: LHB Ken Griffey Sr
|
0-0: SINGLE (Flyball, 4D, EV 90.0 MPH)
|
|
Batting: LHB Keith Hernandez
|
Pickoff Throw to First - Out! 1-3 0-0: Foul Ball, location: 2F 0-1: Called Strike 0-2: Ball 1-2: Ball 2-2: SINGLE (Line Drive, 56D, EV 106.3 MPH)
|
|
Batting: RHB Phil Bailey
|
0-0: Ball 1-0: Called Strike 1-1: Foul Ball, location: 2F 1-2: Ball 2-2: Fielders Choice at 2nd, 6-4 (Groundball, 6, EV 81.9 MPH)
|
| Bottom of the 6th over - 0 runs, 2 hits, 0 errors, 1 left on base; Pittsburgh 3 - San Francisco 0 |
| TOP OF THE 7TH |
|
Pittsburgh Pirates batting - Pitching for San Francisco Giants : RHP Ronnie Sims
|
|
Batting: SHB John Shelby
|
0-0: Swinging Strike 0-1: Ball 1-1: Foul Ball, location: 2F 1-2: Strikes out swinging
|
|
Batting: SHB Ron Oester
|
0-0: Fly out, F9 (Flyball, 89M, EV 87.5 MPH)
|
|
Batting: RHB Rafael Santana
|
0-0: Reached on error, E6 (Groundball, 56, EV 95.6 MPH)
|
|
Batting: RHB Dan Gladden
|
0-0: Ground out 2-3 (Groundball, 2R, EV 71.9 MPH)
|
| Top of the 7th over - 0 runs, 0 hits, 1 error, 1 left on base; Pittsburgh 3 - San Francisco 0 |
| BOTTOM OF THE 7TH |
|
San Francisco Giants batting - Pitching for Pittsburgh Pirates : RHP Rafael Santana
|
|
Batting: RHB Don Slaught
|
0-0: Ball 1-0: Foul Ball, location: 2F 1-1: Called Strike 1-2: Strikes out swinging, 2-3 out at first.
|
|
Batting: SHB Tyler O'Dell
|
0-0: Called Strike 0-1: Foul Ball, location: 2F 0-2: Ball 1-2: Ball 2-2: Strikes out swinging
|
|
Batting: RHB Kevin Howard
|
0-0: Fly out, F9 (Line Drive, 9, EV 86.9 MPH)
|
| Bottom of the 7th over - 0 runs, 0 hits, 0 errors, 0 left on base; Pittsburgh 3 - San Francisco 0 |
| TOP OF THE 8TH |
|
Pittsburgh Pirates batting - Pitching for San Francisco Giants : RHP Ronnie Sims
|
|
Batting: SHB Chili Davis
|
0-0: Ball 1-0: Swinging Strike 1-1: Ball 2-1: Called Strike 2-2: Ball 3-2: SINGLE (Flyball, 89M, EV 89.4 MPH)
|
|
Batting: RHB Rennie Stennett
|
0-0: Ball 1-0: Ball 2-0: Swinging Strike 2-1: SINGLE (Groundball, 6S, EV 62.5 MPH) (infield hit) Chili Davis to second
|
|
Batting: LHB Robert Lopez
|
0-0: Ball 1-0: Foul Ball, location: 2F 1-1: Ball 2-1: Ball 3-1: Grounds into double play, 3-6-1 (Groundball, 3, EV 107.5 MPH) Chili Davis to third
|
|
Batting: LHB Greg Walker
|
0-0: Ball 1-0: Swinging Strike 1-1: Ball Wild Pitch! Chili Davis scores 2-1: Ground out 6-3 (Groundball, 6, EV 85.0 MPH)
|
| Top of the 8th over - 1 run, 2 hits, 0 errors, 0 left on base; Pittsburgh 4 - San Francisco 0 |
| BOTTOM OF THE 8TH |
|
San Francisco Giants batting - Pitching for Pittsburgh Pirates : RHP Rafael Santana
|
|
Pitching: RHP Mike Smithson
|
|
|
Batting: RHB Dickie Thon
|
0-0: Ball 1-0: Fly out, F3 (Popup, 23F, EV 80.0 MPH)
|
|
Batting: RHB Ronnie Sims
|
0-0: Called Strike 0-1: Fly out, F6 (Popup, P, EV 81.9 MPH)
|
|
Batting: SHB Kevin Bass
|
0-0: Ball 1-0: Ball 2-0: Called Strike 2-1: Ball 3-1: Swinging Strike 3-2: Foul Ball, location: 2F 3-2: SINGLE (Line Drive, 8LS, EV 106.3 MPH)
|
|
Batting: LHB Ken Griffey Sr
|
0-0: Ball 1-0: DOUBLE (Flyball, 8LXD, EV 105.6 MPH) Kevin Bass to third Runner from 3rd tries for Home, SAFE, throw by CF to home
|
|
Batting: LHB Keith Hernandez
|
0-0: Called Strike 0-1: Ball 1-1: Foul Ball, location: 2F 1-2: Fly out, F6 (Popup, 4M, EV 77.5 MPH)
|
| Bottom of the 8th over - 1 run, 2 hits, 0 errors, 1 left on base; Pittsburgh 4 - San Francisco 1 |
| TOP OF THE 9TH |
|
Pittsburgh Pirates batting - Pitching for San Francisco Giants : RHP Ronnie Sims
|
|
Batting: RHB Mike C Brown
|
0-0: Called Strike 0-1: Called Strike 0-2: Ball 1-2: Foul Ball, location: 2F 1-2: Strikes out swinging
|
|
Batting: SHB John Shelby
|
0-0: Called Strike 0-1: DOUBLE (Line Drive, 9LM, EV 104.4 MPH)
|
|
Pitching: RHP Dave Ford
|
|
|
Batting: SHB Ron Oester
|
0-0: Called Strike 0-1: Ball 1-1: Called Strike 1-2: SINGLE (Groundball, 4MD, EV 100.6 MPH) John Shelby to third Runner from 3rd tries for Home, SAFE, throw by CF to home
|
|
Pinch Hitting: LHB Terry Whitfield
|
0-0: Called Strike 0-1: Called Strike 0-2: Ball 1-2: Fly out, F2 (Popup, 23F, EV 85.0 MPH)
|
|
Batting: RHB Dan Gladden
|
0-0: Called Strike 0-1: Swinging Strike 0-2: Strikes out looking
|
| Top of the 9th over - 1 run, 2 hits, 0 errors, 1 left on base; Pittsburgh 5 - San Francisco 1 |
| BOTTOM OF THE 9TH |
|
San Francisco Giants batting - Pitching for Pittsburgh Pirates : RHP Mike Smithson
|
|
Pitching: RHP Timnothy Milner
|
|
|
Batting: RHB Phil Bailey
|
0-0: Foul Ball, location: 2F 0-1: Ball 1-1: Foul Ball, location: 2F 1-2: Fly out, F7 (Flyball, 7LM, EV 74.4 MPH)
|
|
Batting: RHB Don Slaught
|
0-0: Called Strike 0-1: Ball 1-1: DOUBLE (Groundball, 5L, EV 99.4 MPH)
|
|
Batting: SHB Tyler O'Dell
|
0-0: Ball 1-0: Ball 2-0: Ground out U3 (Groundball, 34, EV 88.1 MPH) Don Slaught to third
|
|
Batting: RHB Kevin Howard
|
0-0: Ball 1-0: Foul Ball, location: 2F 1-1: Ground out 6-3 (Groundball, 6M, EV 100.6 MPH)
|
| Bottom of the 9th over - 0 runs, 1 hit, 0 errors, 1 left on base; Pittsburgh 5 - San Francisco 1 |
|